 Dungeon Crawl Stone Soup version 0.19-a0-1005-gf5a4b3b (webtiles) character file.

91 Sixotanaka the Slasher (level 4, -2/29 HPs)
             Began as a High Elf Skald on July 17, 2016.
             Killed from afar by Sigmund (6 damage)
             ... with a magic dart
             ... on level 3 of the Dungeon on July 18, 2016.
             The game lasted 00:05:40 (2706 turns).

Sixotanaka the Slasher (High Elf Skald)             Turns: 2706, Time: 00:05:40

Health: -2/29      AC:  5    Str: 11    XL:     4   Next: 34%
Magic:  8/8        EV: 11    Int: 16    God:
Gold:   69         SH:  0    Dex: 15    Spells: 3 memorised, 1 level left

rFire  . . .     SeeInvis +     a - +0 falchion
rCold  + . .     Gourm    .     y - +1 leather armour {rC+}
rNeg   . . .     Faith    .     (no shield)
rPois  .         Spirit   .     A - +0 helmet
rElec  .         Dismiss  .     (no cloak)
rCorr  .         Reflect  .     (no gloves)
SustAt .         Harm     .     (no boots)
MR     .....                    (no amulet)
Stlth  +.........               (no ring)
                                z - ring of see invisible

@: drained, not resistant to hostile enchantments, very unstealthy
A: no striking features
a: no special abilities


You were on level 3 of the Dungeon.
You were not hungry.

You visited 1 branch of the dungeon, and saw 3 of its levels.

You collected 69 gold pieces.


   Skills:
 - Level 2.0(1.7) Fighting
 * Level 5.1(4.8) Long Blades
 - Level 0.8(0.6) Armour
 - Level 1.1(0.8) Dodging
 - Level 2.4(2.1) Spellcasting
 + Level 4.3(4.0) Charms


You had one spell level left.
You knew the following spells:

 Your Spells              Type           Power        Failure   Level  Hunger
a - Shroud of Golubria    Chrm/Tloc      #.........   17%         2    ###....
c - Spectral Weapon       Hex/Chrm       #.......     34%         3    ###....
z - Infusion              Chrm           ##..         6%          1    #......


Dungeon Overview and Level Annotations

Branches:
Dungeon (3/15)

Altars:
Hepliaklqana
Makhleb
Pakellas
Ru
Trog

Annotations:
D:3 exclusion: centaur, Sigmund

Inventory:

Hand Weapons
 a - a +0 falchion (weapon)
 x - a +0 blowgun
   (You took it off a kobold on level 3 of the Dungeon)
Missiles
 q - 4 tomahawks (quivered)
 w - 15 poisoned needles
Armour
 y - a +1 leather armour of cold resistance (worn)
   (You took it off an orc on level 3 of the Dungeon)
 A - a +0 helmet (worn)
   (You found it on level 3 of the Dungeon)
Jewellery
 z - a ring of see invisible (left hand)
   (You found it on level 3 of the Dungeon)
Wands
 k - a wand of slowing (26/48)
   (You found it on level 2 of the Dungeon)
Scrolls
 h - a scroll of enchant armour {unknown}
 j - 2 scrolls of identify {unknown}
 n - a scroll of immolation {unknown}
 p - a scroll of random uselessness {unknown}
 r - a scroll of remove curse {unknown}
 t - 2 scrolls of fear {unknown}
 u - a scroll of teleportation {unknown}
Potions
 b - a potion of flight {unknown}
 e - 2 potions of lignification {unknown}
 g - 2 potions of resistance {unknown}
 i - a potion of might {unknown}
 l - a potion of haste {unknown}
 m - 2 potions of heal wounds {unknown}
 v - a potion of curing {unknown}
Books
 c - a book of Battle
Comestibles
 d - 3 bread rations {@e1}
 f - a meat ration {@e2}
 o - a slice of pizza
 s - 3 chunks of flesh

.............# #.####
##...........# #....#
#...........# ####.#
#...........# #.#
#...........# #.#
#...........# ####.##
#...........#########.....#
#.###......#...........#..#
### #.>....#..)@<......#..#
####......#.....(รท....#..#
#.........'........(..+..#
####......#...........##.#
#......##'###########.#
#......##@# #.# #......##.#
#......##.# #......##..


You could see Sigmund.


Message History

Things that are here:
a whip of draining; 3 stones You now have 57 gold pieces (gained 5).
You start resting.
A bat comes into view.
A bat is nearby!
The bat hits you but does no damage. The bat hits you but does no damage.
Found an escape hatch in the floor.
You hit the bat but do no damage. The bat closely misses you.
The bat hits you but does no damage. The bat barely misses you.
You riposte.
You miss the bat. The bat closely misses you. The bat barely misses you.
You riposte.
You hit the bat. You hit the bat.
You kill the bat!
No target in view!
z - a tubular gilded ring Put on which piece of jewellery? (? for menu, Esc to quit)
z - a ring of see invisible (left hand)
There is an escape hatch in the floor here.
Found a helmet.
Some of the chunks of flesh in your inventory have rotted away.
Found 12 gold pieces.
You see here a helmet.
You now have 69 gold pieces (gained 12).
You see here a helmet.
A - a helmet Wear which item? (? for menu, Esc to quit)
You start putting on your armour.
You continue putting on your helmet. x4
You finish putting on your +0 helmet.
You open the door.
There is an open door here.
You open the door.
Sigmund the Dreaded comes into view.
He is wielding a scythe.
Sigmund shouts!
Sigmund hits you from afar with a scythe!
Ouch! That really hurt!
* * * LOW HITPOINT WARNING * * *
Which direction?
There isn't anything that you can close there!
Unknown command.
Sigmund gestures at you while chanting. You resist with some effort.
Sigmund points at you and mumbles some strange words.
The puff of flame hits you!
* * * LOW HITPOINT WARNING * * *
Sigmund points at you and mumbles some strange words.
The magic dart hits you!
You die...

Vault maps used:
D:1:      minmay_arrival_three_doors, minmay_misc_feat_secret_circle
D:2:      nicolae_ru_awakened_eye, tgw_trog, bloody_makhleb
D:3:      lemuel_doored_altar, lemuel_crystal_altar,
          minmay_overflow_temple_star_quad, first_bread, uniq_natasha,
          uniq_sigmund

Vanquished Creatures
  2 adders
  An ooze (D:1)
  3 worms (D:2)
  2 dart slugs
  An orc (D:3)
  7 bats
  3 giant cockroaches
  6 goblins
  5 hobgoblins
  6 jackals
  2 giant newts (D:1)
  7 kobolds
  9 rats
54 creatures vanquished.

Table legend:
 A = Turns spent in this place as a percentage of turns spent in the entire game.
 B = Non-inter-level travel turns spent in this place as a percentage of non-inter-level travel turns spent in the entire game.
 C = Inter-level travel turns spent in this place as a percentage of turns spent in this place.
 D = Turns resting spent in this place as a percentage of non-inter-level travel turns spent in this place.
 E = Turns spent auto-exploring this place as a percentage of non-inter-level travel turns spent in this place.
 F = Non-inter-level travel turns spent in this place divided by the number of levels of this place that you've seen.
                   A       B       C       D       E      F
               +-------+-------+-------+-------+-------+----------------------
         Total | 100.0 | 100.0 |   0.3 |   6.8 |  16.7 | 233.7
       Dungeon | 100.0 | 100.0 |   0.3 |   6.8 |  16.7 | 233.7
               +-------+-------+-------+-------+-------+----------------------

Table legend:
 A = Kills in this place as a percentage of kills in entire the game.
 B = Kills by you in this place as a percentage of kills by you in the entire game.
 C = Kills by friends in this place as a percentage of kills by friends in the entire game.
 D = Other kills in this place as a percentage of other kills in the entire game.
 E = Experience gained in this place as a percentage of experience gained in the entire game.
 F = Experience gained in this place divided by the number of levels of this place that you have seen.
                   A       B       C       D       E      F
               +-------+-------+-------+-------+-------+----------------------
         Total | 100.0 | 100.0 |  -nan |  -nan | 100.0 |  43.7
       Dungeon | 100.0 | 100.0 |  -nan |  -nan | 100.0 |  43.7
               +-------+-------+-------+-------+-------+----------------------

Notes
Turn   | Place    | Note
-------+----------+-------------------------------------------
     0 | D:1      | Sixotanaka the High Elf Skald began the quest for the Orb.
     0 | D:1      | Reached XP level 1. HP: 14/14 MP: 4/4
   132 | D:1      | Reached skill level 3 in Long Blades
   267 | D:1      | Reached XP level 2. HP: 14/19 MP: 1/6
   865 | D:2      | Reached skill level 4 in Long Blades
   866 | D:2      | Upgraded the game from 0.19-a0-998-gfd37873 to 0.19-a0-1005-gf5a4b3b
   866 | D:2      | Found a sacrificial altar of Ru.
   895 | D:2      | Found a burning altar of Makhleb.
   927 | D:2      | Reached XP level 3. HP: 22/24 MP: 2/7
   932 | D:2      | Learned a level 3 spell: Spectral Weapon
   935 | D:2      | Learned a level 2 spell: Shroud of Golubria
  1267 | D:2      | Noticed a moth of wrath
  1269 | D:2      | Found a bloodstained altar of Trog.
  1738 | D:2      | Reached skill level 4 in Charms
  2318 | D:3      | Found an oddly glowing altar of Pakellas.
  2343 | D:3      | Noticed a centaur
  2403 | D:3      | Reached XP level 4. HP: 29/29 MP: 8/8
  2444 | D:3      | Reached skill level 5 in Long Blades
  2491 | D:3      | Found a hazy altar of Hepliaklqana.
  2703 | D:3      | Noticed Sigmund
  2705 | D:3      | HP: 4/29 [Sigmund/puff of flame (10)]
  2706 | D:3      | Killed from afar by Sigmund

Action                   |  1- 3 |  4- 6 || total
-------------------------+-------+-------++-------
Melee: Falchion          |   147 |    38 ||   185
 Cast: Infusion          |     6 |       ||     6
       Shroud of Golubri |     2 |     1 ||     3
 Stab: Sleeping          |     1 |       ||     1
  Eat: Chunk             |     5 |     1 ||     6
Armor: Leather armour    |    30 |     7 ||    37
Dodge: Dodged            |    73 |    20 ||    93
